 Dungeon Crawl Stone Soup version 0.19.1 (webtiles) character file.

388 Crag the Stinger (level 6, -2/57 HPs)
             Began as a Naga Venom Mage on Dec 5, 2016.
             Slain by an adder (4 damage)
             ... on level 4 of the Dungeon.
             The game lasted 00:20:53 (5171 turns).

Crag the Stinger (Naga Venom Mage)                  Turns: 5171, Time: 00:20:53

Health: -2/57      AC:  4    Str:  9 (12) XL:     6   Next: 79%
Magic:  8/11       EV: 10    Int: 12 (15) God:
Gold:   111        SH:  0    Dex: 10 (12) Spells: 2 memorised, 7 levels left

rFire  . . .     SeeInvis +       - Unarmed
rCold  . . .     Gourm    .     a - +0 robe
rNeg   . . .     Faith    .     (no shield)
rPois  +         Spirit   .     q - +0 helmet
rElec  .         Reflect  .     (no cloak)
rCorr  .         Harm     .     (no gloves)
MR     .....                    (no barding)
Stlth  ++........               (no amulet)
                                (no ring)
                                (no ring)

@: lethally poisoned (-2 -> -2), very slow
A: see invisible, deformed body, poison resistance, slowness 2, slow metabolism
1, spit poison 1, AC +2
a: Spit Poison


You were on level 4 of the Dungeon.
You were not hungry.

You visited 1 branch of the dungeon, and saw 4 of its levels.

You collected 111 gold pieces.

Inventory:

Armour
 a - a +0 robe (worn)
 q - a +0 helmet (worn)
 r - a +0 shield
Jewellery
 g - an uncursed amulet of rage
 x - an uncursed amulet of guardian spirit
Wands
 m - a wand of polymorph (0/24)
 s - a wand of random effects (23/48)
Scrolls
 d - a scroll of enchant weapon {unknown}
 h - a scroll of immolation {unknown}
 i - 5 scrolls of remove curse
 k - a scroll of identify
 w - a scroll of fog {unknown}
 y - a scroll of fear {unknown}
Potions
 e - 2 potions of curing {unknown}
Books
 b - a Young Poisoner's Handbook

   Spells                             Type                      Level
   a - Sting                          Conjuration/Poison           1
   b - Mephitic Cloud                 Conjuration/Poison/Air       3
   c - Olgreb's Toxic Radiance        Poison                       4
   d - Alistair's Intoxication        Transmutation/Poison         5
   e - Venom Bolt                     Conjuration/Poison           5
 v - a book of Conjurations

   Spells                             Type                      Level
   a - Magic Dart                     Conjuration                  1
   b - Searing Ray                    Conjuration                  2
   c - Dazzling Spray                 Conjuration/Hexes            3
   d - Fulminant Prism                Conjuration/Hexes            4
   e - Iskenderun's Mystic Blast      Conjuration                  4
   f - Iskenderun's Battlesphere      Conjuration/Charms           5
Comestibles
 c - 3 bread rations
 l - 9 fruits
 o - 2 slices of pizza
 p - a beef jerky
 u - a meat ration


   Skills:
 * Level 3.7 Fighting
 - Level 1.5 Dodging
 - Level 3.0 Stealth
 * Level 3.5 Unarmed Combat
 + Level 3.3 Spellcasting
 + Level 2.0 Conjurations
 - Level 5.3 Poison Magic


You had 7 spell levels left.
You knew the following spells:

 Your Spells              Type           Power        Failure   Level  Hunger
a - Sting                 Conj/Pois      ##..         6%          1    #......
b - Mephitic Cloud        Conj/Pois/Air  #.......     30%         3    ###....


Dungeon Overview and Level Annotations

Branches:
Dungeon (4/15)
 Temple: D:4-7

Altars:
Kikubaaqudgha
Xom
Yredelemnul

Annotations:
D:4 Perturabo's ghost, amateur HOFi


Innate Abilities, Weirdness & Mutations

You cannot wear boots.
Your serpentine skin is tough. (AC +2)
You have supernaturally acute eyesight. (SInv)
Armour fits poorly on your strangely shaped body.
Your system is resistant to poisons. (rPois)
You cover ground very slowly.
You have a slow metabolism.
You can spit poison.


Message History

It was a potion of magic.
Magic courses through your body. Perturabo's ghost hits you!
Okay, then.
Evoke which item? (* to show all) (? for menu, Esc to quit)
Zapping:
m - a wand of polymorph {zapped: 9} (will waste charges)
Press: ? - help, Shift-Dir - straight line, f/p - Perturabo's ghost
Aim: Perturabo's ghost (chance to defeat MR: 32%) Perturabo's ghost is unaffected.
Evoking this partially-identified wand wasted a few charges.
The adder bites you but does no damage. Perturabo's ghost hits you!
* * * LOW HITPOINT WARNING * * *
The adder bites you.
* * * LOW HITPOINT WARNING * * *
You are poisoned.
The adder poisons you!
It was a potion of cure mutation.
It has a very clean taste.
The barb on your tail disappears.
You feel weaker.
Your magical essence is no longer linked to your wands.
You feel sick. The adder bites you.
You die...

###.#### #.###.#.### #.## ##)...
#....# #.......# ##.###.####
####[# ####...## ##.....### #.#
#...# #####.##. #.# #####...#####
#.##. #
##.###...........########.##. .
#.).).................#......
.####..###(..........####.#.#.##.
.#..)...######..@##### ##.#.#.##.
.#.##...# #....SW.# #......##.
.#.####.# #.#...#.# #....#####
...# #.# # #...#... #....# ##
##)#+##.# ##... ..# ####.####.
#<#..#.# %.## ..# #......
##......# #. ## ######. .......##
.. ## ###.....# #


You could see Perturabo's ghost and an adder.

Vanquished Creatures
  A gnoll shaman (D:4)
  An orc priest (D:3)
  A centaur skeleton (D:4)
  An orc wizard (D:4)
  A worker ant (D:4)
  Robin (D:3)
  7 adders
  5 gnolls
  An adder skeleton (D:4)
  2 worms
  2 dart slugs (D:2)
  3 leopard geckos
  13 orcs
  A bat zombie (D:2)
  8 giant cockroaches
  18 goblins
  10 hobgoblins
  11 kobolds
  A quokka (D:2)
  7 bats
  3 frilled lizards
  A jackal skeleton (D:4)
  9 rats
  2 rat zombies (D:2)
110 creatures vanquished.

Notes
Turn   | Place    | Note
-------+----------+-------------------------------------------
     0 | D:1      | Crag the Naga Venom Mage began the quest for the Orb.
     0 | D:1      | Reached XP level 1. HP: 15/15 MP: 3/3
   158 | D:1      | Reached skill level 1 in Fighting
   209 | D:1      | Reached XP level 2. HP: 25/25 MP: 0/5
   367 | D:1      | Reached skill level 1 in Unarmed Combat
   815 | D:1      | Reached XP level 3. HP: 31/31 MP: 2/6
   980 | D:1      | Learned a level 3 spell: Mephitic Cloud
  1833 | D:2      | Found a basalt altar of Yredelemnul.
  1960 | D:2      | Found a shimmering altar of Xom.
  2036 | D:2      | Reached skill level 1 in Conjurations
  2196 | D:2      | Reached XP level 4. HP: 37/39 MP: 4/7
  2413 | D:2      | Found an ancient bone altar of Kikubaaqudgha.
  2566 | D:2      | Gained mutation: Your muscles are strong. (Str +2) [potion of mutation]
  2566 | D:2      | Gained mutation: You expend magic power (3 MP) to strengthen your wands. [potion of mutation]
  2566 | D:2      | Gained mutation: Your tail ends in a poisonous barb. [potion of mutation]
  2713 | D:3      | Noticed Robin
  2719 | D:3      | Killed Robin
  3016 | D:3      | Reached XP level 5. HP: 36/46 MP: 5/9
  4397 | D:4      | Reached XP level 6. HP: 25/56 MP: 7/10
  5163 | D:4      | Noticed Perturabo's ghost (amateur HOFi)
  5171 | D:4      | Lost mutation: Your tail ends in a poisonous barb. [potion of cure mutation]
  5171 | D:4      | Lost mutation: Your muscles are strong. (Str +2) [potion of cure mutation]
  5171 | D:4      | Lost mutation: You expend magic power (3 MP) to strengthen your wands. [potion of cure mutation]
  5171 | D:4      | HP: 2/57 [poisoned by an adder]
  5171 | D:4      | Slain by an adder

Skill      XL: |  1  2  3  4  5  6 |
---------------+-------------------+-----
Fighting       | 1 2 3 |  3.7
Unarmed Combat | 1 2 3 |  3.5
Conjurations   | 1 2 |  2.0
Spellcasting   | 3 |  3.3
Dodging        | |  1.5
Stealth        | |  3.0
Poison Magic   | |  5.3

Action                   |  1- 3 |  4- 6 || total
-------------------------+-------+-------++-------
Melee: Unarmed           |    49 |   190 ||   239
       Punch             |     1 |     1 ||     2
       Tailslap          |       |    24 ||    24
 Cast: Sting             |    37 |    39 ||    76
       Mephitic Cloud    |       |     9 ||     9
 Abil: Spit Poison       |    39 |    34 ||    73
Evoke: Wand              |       |     4 ||     4
  Use: Scroll            |       |     5 ||     5
       Potion            |       |     4 ||     4
 Stab: Sleeping          |     1 |       ||     1
       Confused          |       |     1 ||     1
  Eat: Chunk             |     6 |    11 ||    17
Armor: Robe              |     8 |    32 ||    40
Dodge: Dodged            |    31 |   101 ||   132
